 Dungeon Crawl Stone Soup version 0.29.1-1-gd02db6906a (webtiles) character file.

Game seed: 3665134399869459635

2121 xian the Skirmisher (level 9, -10/63 HPs)
             Began as a Djinni Hunter on Oct 13, 2022.
             Mangled by Maggie
             ... wielding a +1 long sword of distortion
              (21 damage)
             ... on level 6 of the Dungeon on Oct 14, 2022.
             The game lasted 00:16:07 (4719 turns).

xian the Skirmisher (Djinni Hunter)                 Turns: 4719, Time: 00:16:07

Health: -10/63     AC:  4    Str: 14    XL:     9   Next: 54%
Gold:   298        EV: 14    Int: 13    God:
                   SH:  0    Dex: 17

rFire   + + .      SeeInvis .   l - +0 dagger (drain)
rCold   x . .      Faith    .   (no shield)
rNeg    . . .      Spirit   .   y - +1 robe of Hecraud {+Blink Regen+ Str+2}
rPois   ∞          Reflect  .   i - +0 helmet
rElec   .          Harm     .   (no cloak)
rCorr   .          Rampage  .   (no gloves)
Will    +....                   (boots unavailable)
Stlth   ++........              e - amulet of the acrobat
HPRegen 1.00/turn               c - ring of willpower
MPRegen 0.00/turn               (no ring)

@: mighty, flying, mesmerised
A: sickness immunity, fire resistance 2, cold vulnerability 1, float, innate
caster, HP casting, extra vitality 1
a: Evoke Blink


You were on level 6 of the Dungeon.
You visited 1 branch of the dungeon, and saw 6 of its levels.

You collected 298 gold pieces.

Inventory:

Hand Weapons
 a - a +1 shortbow of venom
 l - a +0 dagger of draining (weapon)
Missiles
 r - 2 throwing nets
Armour
 i - a +0 helmet (worn)
 y - the +1 robe of Hecraud (worn) {+Blink Regen+ Str+2}
   (You found it on level 6 of the Dungeon)

   Str:       It affects your strength (+2).
   +Blink:    It lets you blink.
   Regen:     It increases your rate of health regeneration.
 E - a +2 chain mail of willpower
Jewellery
 c - a ring of willpower (left hand)
 e - an amulet of the acrobat (around neck)
Wands
 D - a wand of flame (17)
Scrolls
 b - a scroll of immolation
 d - a scroll of poison {unknown}
 j - 2 scrolls of vulnerability
 k - a scroll of enchant armour
 q - 2 scrolls of brand weapon
 s - a scroll of fear {unknown}
 w - a scroll of magic mapping {unknown}
 A - a scroll of enchant weapon
 B - a scroll of fog {unknown}
Potions
 f - a potion of might
 g - 4 potions of mutation
 h - 2 potions of cancellation
 m - 2 potions of degeneration {unknown}
 n - a potion of heal wounds
 o - 2 potions of curing {unknown}
 p - a potion of invisibility {unknown}
 t - 2 potions of magic {unknown}
 u - a potion of ambrosia {unknown}
 x - a potion of brilliance {unknown}
 z - 2 potions of berserk rage {unknown}
 C - a potion of resistance {unknown}


   Skills:
 + Level 4.4 Fighting
 + Level 8.0 Ranged Weapons
 + Level 2.1 Armour
 + Level 4.9 Dodging
 + Level 1.4 Stealth
 * Level 3.7 Spellcasting


You had 6 spell levels left.
You knew the following spells:

 Your Spells              Type           Power      Damage    Failure   Level
a - Foxfire               Conj/Fire      48%        2x1d6     4%          1
b - Searing Ray           Conj           24%        2d5       7%          2
c - Wereblood             Tmut           12%        N/A       7%          2
d - Leda's Liquefaction   Hex/Erth       6%         N/A       41%         4
Your spell library was empty.

Dungeon Overview and Level Annotations

Branches:
Dungeon (6/15)             Temple (0/1) D:6

Altars:
Cheibriados
Dithmenos
Elyvilon
Qazlal
Xom

Shops:
D:5 (

Annotations:
D:6 Maggie


Innate Abilities, Weirdness & Mutations

You are immune to sickness and miasma.
You are immune to poison.
Your flesh is very heat resistant. (rF++)
You are vulnerable to cold. (rC-)
You float through the air rather than walking.
You learn spells naturally, not from books.
Your magical power is your life essence.
You have superior vitality. (+4 MHP)


Message History

Pikel is heavily wounded.
Pikel hits you with a +0 whip of electrocution.
You are electrocuted!
Maggie gestures wildly while chanting.
Maggie draws you further into her thrall.
You hit Pikel. You drain Pikel.
Pikel is severely wounded.
Pikel closely misses you. Maggie barely misses you.
You closely miss Pikel.
Pikel is severely wounded.
Pikel hits you with a +0 whip of electrocution.
Maggie hits you with a +1 long sword of distortion.
* * * LOW HITPOINT WARNING * * *
Unknown command.
You puncture Pikel!
You kill Pikel!
With Pikel's spell broken, his former minions thank you for their freedom.
The lemure departs this earthly plane. x2
Maggie hits you with a +1 long sword of distortion.
* * * LOW HITPOINT WARNING * * *
Space warps around you.
* * * LOW HITPOINT WARNING * * *
Your Ranged Weapons skill increases to level 8!
You puncture Maggie!
Maggie is heavily wounded.
Maggie hits you with a +1 long sword of distortion!
* * * LOW HITPOINT WARNING * * *
Unknown command.
You hit Maggie but do no damage.
Maggie is heavily wounded.
Maggie barely misses you.
Unknown command.
You puncture Maggie! You drain Maggie.
Maggie is almost dead.
Maggie completely misses you.
Unknown command.
You hit Maggie. You drain Maggie.
Maggie is almost dead.
Maggie hits you but does no damage. Space warps horribly around you!!
You die...

#.# #.....##
.. #...[..#
#....#.#
#....#[#
#....#.#
#..)##.#
#5K).#..#.#
..#
#5#####.@.##
.## .)
##§@.### ..#
... ##....##
... ..
###..>###
#.. .
#.....# #.
#.....#
#.....#
#.....#
#.##### ###
#.####


You could see Maggie (mesmerising, very drained).

Vanquished Creatures
  Pikel (D:6)
  A water moccasin (D:4)
  Duvessa (D:6)
  3 ogres
  2 lemures
  A centaur (D:6)
  3 phantoms
  Blork the orc (D:5)
  A bullfrog (D:6)
  3 necrophages (D:5)
  3 scorpions (D:6)
  Dowan (D:6)
  2 jellies
  An orc priest (D:5)
  2 hounds (D:5)
  An iguana (D:5)
  4 gnolls (D:4)
  5 adders
  3 white imps
  An ufetubus (D:6)
  2 worms (D:2)
  6 dart slugs
  17 orcs
  4 bats
  8 endoplasms
  2 giant cockroaches
  5 goblins
  5 hobgoblins
  8 jackals
  7 kobolds
  6 quokkas
  10 ball pythons
  3 rats (D:1)
123 creatures vanquished.

Notes
Turn   | Place    | Note
-------+----------+-------------------------------------------
     0 | D:1      | xian the Djinni Hunter began the quest for the Orb.
     0 | D:1      | Reached XP level 1. HP: 18/18 MP: 0/0
    58 | D:1      | Reached XP level 2. HP: 23/23 MP: 0/0
   178 | D:1      | Reached XP level 3. HP: 24/28 MP: 0/0
   178 | D:1      | Learned a level 1 spell: Foxfire
   318 | D:1      | Reached skill level 4 in Ranged Weapons
   344 | D:1      | Found a faded altar of an unknown god.
   856 | D:2      | Reached XP level 4. HP: 33/33 MP: 0/0
  1584 | D:3      | Reached skill level 1 in Spellcasting
  1771 | D:3      | Reached XP level 5. HP: 38/38 MP: 0/0
  1771 | D:3      | Learned a level 2 spell: Searing Ray
  2197 | D:4      | Found a shimmering altar of Xom.
  2376 | D:4      | Found a snail-covered altar of Cheibriados.
  2390 | D:4      | Found a shadowy altar of Dithmenos.
  3029 | D:5      | Entered Level 5 of the Dungeon
  3029 | D:5      | Noticed a phantom
  3038 | D:6      | Noticed a bullfrog
  3045 | D:6      | Killed a bullfrog
  3046 | D:6      | Reached skill level 1 in Armour
  3046 | D:6      | Reached XP level 6. HP: 31/45 MP: 0/0
  3058 | D:6      | Reached skill level 5 in Ranged Weapons
  3296 | D:6      | Reached XP level 7. HP: 40/49 MP: 0/0
  3296 | D:6      | Learned a level 2 spell: Wereblood
  3362 | D:6      | Identified the +1 robe of Hecraud {+Blink Regen+ Str+2}
  3395 | D:6      | Identified the +2 scale mail "Okaogesh" {rN+}
  3420 | D:6      | Reached skill level 1 in Stealth
  3495 | D:6      | Found a staircase to the Ecumenical Temple.
  3502 | D:6      | Noticed Pikel
  3526 | D:5      | Noticed a water moccasin
  3536 | D:5      | Noticed Blork the orc
  3629 | D:4      | Killed a water moccasin
  3755 | D:5      | Reached skill level 6 in Ranged Weapons
  3755 | D:5      | Reached XP level 8. HP: 56/56 MP: 0/0
  3808 | D:5      | Found a stormy altar of Qazlal.
  3920 | D:5      | Found Cukhier's Weapon Shop.
  3940 | D:5      | Killed Blork the orc
  4095 | D:5      | Reached skill level 7 in Ranged Weapons
  4164 | D:5      | Found a white marble altar of Elyvilon.
  4262 | D:5      | Reached XP level 9. HP: 56/62 MP: 0/0
  4262 | D:5      | Learned a level 4 spell: Leda's Liquefaction
  4682 | D:6      | Noticed Dowan
  4683 | D:6      | Noticed Duvessa
  4685 | D:6      | Noticed Maggie
  4686 | D:6      | Killed Dowan
  4699 | D:6      | Killed Duvessa
  4715 | D:6      | Killed Pikel
  4716 | D:6      | Reached skill level 8 in Ranged Weapons
  4719 | D:6      | Mangled by Maggie

Illustrated notes

Levels and vault maps discovered:
D:1:      ncdulo_smallfort, layout_rooms, dreamdust_ecumenical_altar_grove
D:2:      layout_loops_cross, minmay_pentomino_o4
D:3:      layout_rooms
D:4:      layout_basic, nicolae_overflow_crystal_walls,
          mainiacjoe_overflow_catwalk_spiral, kennysheep_cluttered_room,
          hangedman_decor_push
D:5:      layout_cave_pools, mainiacjoe_overflow_paths, old_standard_altar,
          serial_shops, shop, uniq_blork_the_orc
D:6:      layout_basic, minmay_temple_entry_arrows, uniq_pikel, uniq_duvessa,
          uniq_maggie

Skill      XL: |  1  2  3  4  5  6  7  8  9 |
---------------+----------------------------+-----
Ranged Weapons | 4 5 6 7 8 |  8.0
Spellcasting   | 1 2 3 |  3.7
Armour         | 1 2 |  2.1
Stealth        | 1 |  1.4
Dodging        | 3 4 |  4.9
Fighting       | 3 4 |  4.4

Action                   |  1- 3 |  4- 6 |  7- 9 || total
-------------------------+-------+-------+-------++-------
Melee: Dagger            |       |     2 |     9 ||    11
 Fire: Shortbow          |    93 |   107 |   211 ||   411
 Cast: Searing Ray       |       |     4 |     5 ||     9
  Use: Scroll            |       |     6 |     3 ||     9
       Potion            |       |       |     3 ||     3
 Stab: Sleeping          |       |     1 |       ||     1
Armor: Leather armour    |    15 |    15 |       ||    30
       Robe              |       |       |    35 ||    35
Dodge: Dodged            |    36 |    55 |   165 ||   256
